 Dungeon Crawl Stone Soup version 0.16.1-30-g34a7ffa (webtiles) character file.

145 Krapule the Twirler (level 5, 0/46 HPs)
             Began as a Minotaur Gladiator on June 21, 2015.
             Slain by Natasha (5 damage)
             ... on level 5 of the Dungeon.
             The game lasted 00:07:52 (2083 turns).

Krapule the Twirler (Minotaur Gladiator)            Turns: 2083, Time: 00:07:52

Health: 0/46       AC: 14    Str: 20    XL:     5   Next: 6%
Magic:  2/2        EV:  7    Int:  6    God:
Gold:   109        SH:  0    Dex: 10    Spells: 0 memorised, 4 levels left

rFire  . . .     SeeInvis .     a - +0 quarterstaff
rCold  . . .     Clarity  .     i - +0 plate armour
rNeg   . . .     SustAb   .     (no shield)
rPois  .         Gourm    .     c - +0 hat
rElec  .         Spirit   .     p - +0 cloak
rCorr  .         Warding  .     r - +1 pair of gloves
rMut   .         Stasis   .     (no boots)
MR     .....                    (no amulet)
Stlth  ..........               (no ring)
                                (no ring)

@: not resistant to hostile enchantments, extremely unstealthy
A: retaliatory headbutt, horns 2
a: no special abilities


You were on level 5 of the Dungeon.
You were hungry.

You visited 1 branch of the dungeon, and saw 5 of its levels.

You collected 109 gold pieces.

Inventory:

Hand weapons
 a - a +0 quarterstaff (weapon)
Missiles
 d - 5 throwing nets (quivered)
 h - 6 tomahawks
Armour
 c - a +0 hat (worn)
 i - a +0 plate armour (worn)
 p - a +0 cloak (worn)
 r - a +1 pair of gloves (worn)
Jewellery
 n - an uncursed amulet of faith {unknown}
Scrolls
 b - 4 scrolls of identify
 e - a scroll of amnesia
 m - 4 scrolls of remove curse
 q - a scroll of teleportation {unknown}
Potions
 k - a potion of curing
 o - a potion of degeneration {unknown}
Comestibles
 f - a bread ration
 g - 3 fruits
 j - a slice of pizza
 l - a royal jelly
 s - a beef jerky


   Skills:
 + Level 3.9 Fighting
 + Level 4.7 Staves
 - Level 2.0 Throwing
 + Level 2.3 Armour
 + Level 4.2 Dodging
 + Level 0.0 Spellcasting


You had 4 spell levels left.
You didn't know any spells.

Dungeon Overview and Level Annotations

Branches:
Dungeon (6/15)
 Temple: D:4-7

Altars:

Annotations:
D:5 Natasha
D:6 Menkaure


Innate Abilities, Weirdness & Mutations

You reflexively headbutt those who attack you in melee.
You have a pair of horns on your head.


Message History

* * * LOW HITPOINT WARNING * * *
You are too injured to fight recklessly!
The jackal bites you but does no damage.
The jackal bites you but does no damage.
There is an escape hatch in the ceiling here.
The jackal bites you but does no damage. x3
A mysterious force pulls you upwards. The hatch slams shut behind you.
Natasha hisses angrily.
You closely miss the jackal.
The jackal is heavily wounded.
The jackal completely misses you. You furiously retaliate!
You headbutt the jackal, but do no damage.
The jackal bites you.
* * * LOW HITPOINT WARNING * * *
Natasha claws you!
* * * LOW HITPOINT WARNING * * *
You hit the jackal but do no damage.
The jackal is heavily wounded.
The jackal closely misses you. The jackal barely misses you. Natasha claws you.
You die...

### .. h#
#########h#
#......h@h#
#.#########


You could see Natasha and 3 jackals.

Vanquished Creatures
  A giant frog (D:6)
  A jelly (D:6)
  A worm (D:2)
  An ooze (D:2)
  2 bats (D:2)
  2 giant cockroaches
  10 hobgoblins
  3 jackals (D:2)
  6 kobolds
  A ball python (D:1)
  3 giant geckos
  3 giant newts
  12 goblins
  4 rats
50 creatures vanquished.

Notes
Turn   | Place    | Note
--------------------------------------------------------------
     0 | D:1      | Krapule, the Minotaur Gladiator, began the quest for the Orb.
     0 | D:1      | Reached XP level 1. HP: 18/18 MP: 1/1
   674 | D:1      | Reached XP level 2. HP: 25/25 MP: 1/1
  1364 | D:2      | Reached skill level 1 in Armour
  1379 | D:2      | Reached XP level 3. HP: 28/31 MP: 2/2
  1379 | D:2      | Reached skill level 4 in Staves
  1921 | D:3      | You fall through a shaft for 3 floors!
  1979 | D:6      | Noticed a giant frog
  1985 | D:6      | Killed a giant frog
  1985 | D:6      | Reached XP level 4. HP: 37/40 MP: 2/2
  1987 | D:6      | Reached XP level 5. HP: 42/46 MP: 2/2
  2074 | D:6      | Noticed Menkaure
  2081 | D:5      | Entered Level 5 of the Dungeon
  2081 | D:5      | Noticed Natasha
  2083 | D:5      | Slain by Natasha

Action                   |  1- 3 |  4- 6 || total
-------------------------+-------+-------++-------
Melee: Quarterstaff      |   101 |     5 ||   106
  Use: Scroll            |     7 |       ||     7
       Potion            |     3 |       ||     3
  Eat: Chunk             |     3 |       ||     3
